 Dungeon Crawl Stone Soup version 0.26-a0-651-gb41185065b (webtiles) character file.

Game seed: 4814214758517284564

8 Azzok the Skirmisher (level 2, 24/24 HPs)
             Began as a Demonspawn Fighter on Oct 18, 2020.
             Quit the game on level 1 of the Dungeon.
             The game lasted 00:00:53 (232 turns).

Azzok the Skirmisher (Demonspawn Fighter)            Turns: 232, Time: 00:00:53

Health: 24/24      AC:  8    Str: 16    XL:     2   Next: 0%
Magic:  2/2        EV:  6    Int:  9    God:
Gold:   33         SH:  8    Dex: 12    Spells: 1/1 levels left

rFire    . . .     SeeInvis .     - Unarmed
rCold    . . .     Faith    .   b - +0 kite shield
rNeg     . . .     Spirit   .   a - +0 scale mail
rPois    .         Reflect  .   (no helmet)
rElec    .         Harm     .   (no cloak)
rCorr    .         Rampage  .   (no gloves)
MR       .....                  (no boots)
Stlth    ..........             (no amulet)
HPRegen  0.08/turn              (no ring)
MPRegen  0.08/turn              (no ring)

@: no status effects
A: icy blue scales 1
a: no special abilities


You were on level 1 of the Dungeon.
You visited 1 branch of the dungeon, and saw 1 of its levels.

You collected 33 gold pieces.

Inventory:

Missiles
 e - 5 javelins (quivered)
Armour
 a - a +0 scale mail (worn)
 b - a +0 kite shield (worn)
Scrolls
 f - a scroll of immolation {unknown}
Potions
 c - a potion of might
 d - a potion of ambrosia {unknown}


   Skills:
 - Level 3.0 Fighting
 - Level 2.6 Armour
 - Level 2.6 Shields
 + Level 2.5 Unarmed Combat


You had one spell level left.
You didn't know any spells.
Your spell library was empty.

Dungeon Overview and Level Annotations

Branches:
Dungeon (1/15)

Altars:


Innate Abilities, Weirdness & Mutations

You are partially covered in icy blue scales. (AC +2)


Message History

You hit the giant cockroach.
You kill the giant cockroach!
f - a scroll labeled NAUPETEU KOCI A dart slug comes into view.
A dart slug is nearby!
The dart slug closely misses you.
You hit the dart slug.
The dart slug is heavily wounded.
The dart slug launches a dart at you. You block the slug dart.
You hit the dart slug.
The dart slug is almost dead.
You hit the dart slug.
You kill the dart slug!
You have reached level 2!
Your demonic ancestry asserts itself...
Icy blue scales grow over part of your body.
Quiver which item? (- for none, * to show all) (? for menu, Esc to quit)
Okay, then.
Are you sure you want to abandon this character and quit the game? (Confirm with "yes".)

··▒▒·▒▒▒▒▒▒
▒·▒········ ··
▒········▒ ▒·
▒▒···▒▒▒·▒ ▒·
·····▒▒▒ ▒·
▒▒▒†·▒·▒ ▒·▒▒
·······▒ ··▒
·····▒·▒ ▒†▒
·····▒······▒ ▒@▒
·····▒ ▒·▒▒·▒▒▒▒·▒
··^·>▒ ▒·▒▒·▒····▒
·····▒▒▒·▒▒·▒·▒▒▒▒
·······▒·▒▒·▒··▒
····▒▒·▒·▒▒·▒▒·▒
····▒▒·▒·▒▒·▒▒·▒
▒▒▒▒▒▒···▒▒·▒▒·▒
▒·▒····▒▒·▒


There were no monsters in sight!

Vanquished Creatures
  A dart slug (D:1)
  A giant cockroach (D:1)
  2 goblins (D:1)
  A frilled lizard (D:1)
  A rat (D:1)
6 creatures vanquished.

Vanquished Creatures (others)
  5 toadstools (D:1)
5 creatures vanquished.

Grand Total: 11 creatures vanquished

Notes
Turn   | Place    | Note
-------+----------+-------------------------------------------
     0 | D:1      | Azzok the Demonspawn Fighter began the quest for the Orb.
     0 | D:1      | Reached XP level 1. HP: 18/18 MP: 1/1
   231 | D:1      | Gained mutation: You are partially covered in icy blue
                  | scales. (AC +2) [demonic ancestry]
   231 | D:1      | Reached XP level 2. HP: 24/24 MP: 2/2
   232 | D:1      | Quit the game

Illustrated notes

Levels and vault maps discovered:
D:1:      ldierk_walled_garden, layout_basic, minmay_misc_feat_ornament

Skill      XL: |  1 |
---------------+----+-----
Unarmed Combat | 2 |  2.5
Fighting       | |  3.0
Armour         | |  2.6
Shields        | |  2.6

Action                   || total
-------------------------++-------
Melee: Unarmed           ||    21
Armor: Scale mail        ||     4
Dodge: Dodged            ||     2
Block: Kite shield       ||     8

Table legend: (Time is in decaauts)
 A = Elapsed time spent in this place.
 B = Non-inter-level travel time spent in this place.
 C = Inter-level travel time spent in this place.
 D = Time resting spent in this place.
 E = Time spent auto-exploring this place.
 F = Levels seen in this place.
 G = Mean time per level.
                   A        B        C        D        E       F      G
               +--------+--------+--------+--------+--------+-----+--------+
         Total |    233 |    233 |      0 |      0 |    171 |   1 |  233.0 |
       Dungeon |    233 |    233 |      0 |      0 |    171 |   1 |  233.0 |
               +--------+--------+--------+--------+--------+-----+--------+

Top non-repeatable levels by time:
     D:1: 233 daAuts
